 Dungeon Crawl Stone Soup version 0.29.1-1-gd02db6906a (webtiles) character file.

Game seed: 2816613081403781375

1948 LustLizard the Covert (level 8, -7/42 HPs)
             Began as a Spriggan Arcane Marksman on Sept 26, 2022.
             Killed by divine providence
             ... invoked by an orc priest
              (12 damage)
             ... on level 6 of the Dungeon.
             The game lasted 00:25:09 (10811 turns).

LustLizard the Covert (Spriggan Arcane Marksman)   Turns: 10811, Time: 00:25:10

Health: -7/42      AC:  2    Str:  6    XL:     8   Next: 98%
Magic:  0/11       EV: 17    Int: 14    God:
Gold:   292        SH:  0    Dex: 18    Spells: 8/9 levels left

rFire   . . .      SeeInvis +   y - +0 shortbow
rCold   . . .      Faith    .   (shield currently unavailable)
rNeg    . . .      Spirit   +   c - +0 robe
rPois   .          Reflect  .   (helmet restricted)
rElec   .          Harm     .   A - scarf {shadows}
rCorr   .          Rampage  .   (gloves unavailable)
Will    +....                   (boots unavailable)
Stlth   ++........              e - amulet of guardian spirit
HPRegen 0.14/turn               (no ring)
MPRegen 0.12/turn               (no ring)

@: confused, very quick
A: very small, no large weapons, unfitting armour, see invisible, speed 3
a: no special abilities


You were on level 6 of the Dungeon.
You visited 2 branches of the dungeon, and saw 8 of its levels.
You also visited: Sewer.

You collected 292 gold pieces.

Inventory:

Hand Weapons
 a - a +1 sling
 y - a +0 shortbow (weapon)
Armour
 c - a +0 robe (worn)
 g - a +0 buckler
 A - a scarf of shadows (worn)
Jewellery
 e - an amulet of guardian spirit (around neck)
 k - a ring of fire
 B - an amulet of magic regeneration
Wands
 m - a wand of roots (6)
 x - a wand of polymorph (7)
 C - a wand of light (7)
Scrolls
 b - a scroll of poison
 d - a scroll of teleportation
 i - a scroll of vulnerability {unknown}
 l - 2 scrolls of enchant weapon {unknown}
 q - a scroll of noise {unknown}
 s - 2 scrolls of fog {unknown}
 t - a scroll of brand weapon {unknown}
 w - a scroll of blinking {unknown}
 z - a scroll of silence {unknown}
 D - a scroll of acquirement {unknown}
Potions
 f - 6 potions of curing
 h - 2 potions of might
 j - 3 potions of mutation
 n - 2 potions of haste
 o - a potion of degeneration
 p - 2 potions of attraction
 r - 3 potions of heal wounds
 u - a potion of cancellation {unknown}
 v - 2 potions of brilliance


   Skills:
 + Level 4.3 Fighting
 * Level 7.7 Ranged Weapons
 - Level 2.6 Dodging
 + Level 10.9 Stealth
 - Level 1.3 Spellcasting
 - Level 4.0 Hexes


You had 8 spell levels left.
You knew the following spells:

 Your Spells              Type           Power      Damage    Failure   Level
a - Slow                  Hex            48%        N/A       4%          1

Your spell library contained the following spells:

 Spells                   Type           Power      Damage    Failure   Level
 Apportation              Tloc           0%         N/A       26%         1
 Inner Flame              Hex/Fire       6%         N/A       32%         3
 Portal Projectile        Hex/Tloc       12%        N/A       32%         3
 Cause Fear               Hex            6%         N/A       43%         4
 Gell's Gravitas          Tloc           0%         N/A       58%         3
 Lesser Beckoning         Tloc           0%         N/A       58%         3
 Teleport Other           Tloc           0%         N/A       58%         3
 Passage of Golubria      Tloc           0%         N/A       94%         4
 Silence                  Hex/Air        3%         N/A       97%         5
 Alistair's Intoxication  Tmut/Pois      0%         N/A       100%        5
 Discord                  Hex            6%         N/A       100%        8
 Lehudib's Crystal Spear  Conj/Erth      0%         10d2      100%        8


Dungeon Overview and Level Annotations

Branches:
Dungeon (7/15)             Temple (1/1) D:5           Sewer (visited)

Altars:
Ashenzari
Cheibriados
Elyvilon
Fedhas
Hepliaklqana
Kikubaaqudgha
Makhleb
Nemelex Xobeh
Okawaru
Qazlal
Ru
Sif Muna
Trog
Uskayaw
Vehumet
Wu Jian
Xom
Yredelemnul
Zin
The Shining One

Shops:
D:5 (

Annotations:
D:6 Grinder


Innate Abilities, Weirdness & Mutations

You are very small and have problems with some larger weapons.
You are too small for most types of armour.
You have supernaturally acute eyesight. (SInv)
You cover ground extremely quickly. (Speed+++)


Message History

You start resting.
Magic restored.
An orc comes into view. It is wielding a +0 club.
The orc shouts!
An orc comes into view. It is wielding a +0 whip.
The orc priest calls down the wrath of Beogh upon you.
Beogh smites you!
The kobold hits you with a +0 short sword.
Found an escape hatch in the ceiling.
Found 13 gold pieces.
An ice beast comes into view.
Found a potion of mutation.
You see here 13 gold pieces.
The orc priest mumbles some strange prayers to Beogh against you.
Beogh smites you!
You hear a shout!
The orc priest calls down the wrath of Beogh upon you.
Beogh smites you!
* * * LOW HITPOINT WARNING * * *
There is an escape hatch in the ceiling here.
The orc shouts!
An orc comes into view. It is wielding a +0 great sword.
There is an escape hatch in the ceiling here.
The orc priest hits you with a +2 dagger of flaming.
* * * LOW HITPOINT WARNING * * *
The orc priest burns you.
* * * LOW HITPOINT WARNING * * *
A mysterious force pulls you upwards. The hatch slams shut behind you.
Level annotation: Grinder The orc priest shouts!
The orc wizard shouts!
The orc priest barely misses you.
The orc wizard gestures at you while chanting.
You resist with almost no effort. The orc wizard closely misses you.
The orc wizard points at you and mumbles some strange words.
You are confused.
You bump into the rock wall.
You bump into the rock wall.
The orc priest mumbles some strange prayers to Beogh against you.
Beogh smites you!
You die...

##.##.#.############
#..##.#............#
##.###.############.####
##..# #.#..............<#
..<##
#.#.##########.####### ####
#.................o..# .#
###.##########.####.## .#
###.##########o#....# .#
#.........@o.o...#..# .#
#.#.##########.#.#..# o#
#.#.########........# .#
#..........#.#.#.#..# .#
#.#........#.#.#.#..#
.#################.#.#.#..#
.................#.#.#.#..#
.....................#.#..#
################.###.#.####


You could see 2 orc priests and an orc wizard.

Vanquished Creatures
  The ghost of ratmagoo the Grave Robber, an amateur HONe of Beogh (D:5)
  Sigmund (D:3)
  A black bear (D:6)
  A sky beast (D:6)
  3 ogres
  A centaur (D:5)
  2 phantoms
  A kobold brigand (D:7)
  3 necrophages
  A howler monkey (D:7)
  3 hounds
  A jelly (D:5)
  An orc priest (D:5)
  3 iguanas
  Ijyb (D:4)
  Terence (D:2)
  3 orc wizards
  Robin (D:2)
  9 adders
  A river rat (D:5)
  A shadow imp (D:5)
  A white imp (D:6)
  An ufetubus (D:5)
  5 worms
  5 dart slugs
  13 orcs
  6 ball pythons
  5 bats
  12 endoplasms
  6 giant cockroaches
  26 goblins
  8 hobgoblins
  4 jackals (D:1)
  4 quokkas
  19 frilled lizards
  9 kobolds
  8 rats
172 creatures vanquished.

Vanquished Creatures (others)
  8 plants (D:4)
8 creatures vanquished.

Grand Total: 180 creatures vanquished

Notes
Turn   | Place    | Note
-------+----------+-------------------------------------------
     0 | D:1      | LustLizard the Spriggan Arcane Marksman began the quest for
                  | the Orb.
     0 | D:1      | Reached XP level 1. HP: 9/9 MP: 3/3
    89 | D:1      | Reached skill level 1 in Stealth
   117 | D:1      | Reached skill level 1 in Fighting
   117 | D:1      | Reached XP level 2. HP: 14/14 MP: 5/5
   285 | D:1      | Reached skill level 2 in Stealth
   408 | D:1      | Reached XP level 3. HP: 10/18 MP: 2/6
  1125 | D:2      | Reached skill level 3 in Stealth
  1280 | D:2      | Noticed Robin
  1316 | D:2      | Killed Robin
  1322 | D:2      | Reached XP level 4. HP: 17/22 MP: 5/7
  1548 | D:2      | Noticed Terence
  1568 | D:2      | Killed Terence
  1569 | D:2      | Reached skill level 4 in Stealth
  1977 | D:2      | Found a faded altar of an unknown god.
  2312 | D:3      | Found a hide-covered altar of Uskayaw.
  2317 | D:3      | Reached XP level 5. HP: 26/26 MP: 8/8
  2343 | D:3      | Noticed Sigmund
  2735 | D:3      | Noticed an ogre
  2805 | D:3      | Killed an ogre
  2806 | D:3      | Reached skill level 5 in Stealth
  3193 | D:4      | Reached XP level 6. HP: 22/30 MP: 5/9
  3306 | D:4      | Noticed Ijyb
  4281 | D:4      | Reached skill level 6 in Stealth
  4457 | D:4      | Killed Ijyb
  5313 | D:5      | Entered Level 5 of the Dungeon
  5369 | D:5      | Found a sparkling altar of Nemelex Xobeh.
  5494 | D:5      | Reached skill level 5 in Ranged Weapons
  5494 | D:5      | Reached skill level 7 in Stealth
  5494 | D:5      | Reached XP level 7. HP: 35/35 MP: 10/10
  5521 | D:5      | Found Rithum's Antique Weapon Shoppe.
  5726 | D:5      | Reached skill level 8 in Stealth
  5843 | D:5      | Found a glowing drain.
  5849 | Sewer    | Entered a sewer
  5955 | Sewer    | Noticed Pargi
  6469 | D:5      | Found a large runed translucent door.
  6469 | D:5      | Found a large runed translucent door.
  6471 | D:5      | Noticed ratmagoo's ghost (amateur HONe)
  6481 | D:5      | Found a staircase to the Ecumenical Temple.
  6520 | Temple   | Entered the Ecumenical Temple
  6836 | D:5      | Found a radiant altar of Vehumet.
  6840 | D:5      | Found a broken altar of Ashenzari.
  6842 | D:5      | Found a burning altar of Makhleb.
  7346 | D:5      | Found a shimmering altar of Xom.
  7346 | D:5      | Found a stormy altar of Qazlal.
  8069 | D:3      | Killed Sigmund
  8070 | D:3      | Reached skill level 9 in Stealth
  8070 | D:3      | Reached XP level 8. HP: 40/40 MP: 11/11
  9061 | D:5      | Killed ratmagoo's ghost
  9062 | D:5      | Reached skill level 10 in Stealth
  9700 | D:6      | Noticed Grinder
 10811 | D:6      | Killed from afar by an orc priest

Illustrated notes

Levels and vault maps discovered:
D:1:      dpeg_arrival_morbid_curiosity, layout_basic
D:2:      layout_basic, shapermc_ecumenical_altar_starsandcircs, hex_tiny,
          uniq_robin, uniq_terence
D:3:      layout_basic, nicolae_uskayaw_murder_on_the_dancefloor,
          minmay_ogre_servants, uniq_sigmund
D:4:      layout_layer_cave, hangedman_decor_riveting,
          hangedman_decor_slide_cut, corexii_corridor_pit, minmay_lizard_king,
          uniq_ijyb
D:5:      layout_rooms, marbit_many_paths, nicolae_overflow_hidden_temple,
          minmay_temple_entry_mini_moons, serial_shops, nicolae_lakefront_shop,
          ebering_ghost_disaster_area, gup_sewer_entry_bubbles
D:6:      layout_basic, grunt_decor_mini_mirrors, kennysheep_opposing_triangles,
          uniq_grinder
D:7:      layout_layer_cave
Temple:   nicolae_temple_bog_church

Skill      XL: |  1  2  3  4  5  6  7  8 |
---------------+-------------------------+-----
Stealth        | 1 2 3 4 5 7 9 10 | 10.9
Fighting       | 1 2 3 4 |  4.3
Hexes          | 4 |  4.0
Ranged Weapons | 3 4 5 6 7 |  7.7
Dodging        | |  2.6
Spellcasting   | |  1.3

Action                   |  1- 3 |  4- 6 |  7- 9 || total
-------------------------+-------+-------+-------++-------
 Fire: Sling             |   127 |   291 |   407 ||   825
       Shortbow          |       |       |    32 ||    32
 Cast: Slow              |     3 |    15 |    61 ||    79
  Use: Scroll            |       |     6 |     5 ||    11
Armor: Robe              |     5 |     8 |    16 ||    29
Dodge: Dodged            |    43 |    72 |   112 ||   227
